ITL
TOPEKA TORNADOS @ CHATTANOOGA CHINPOKOMON
06/11/2028
 
TOP OF THE 1ST
Topeka Tornados batting - Pitching for Chattanooga Chinpokomon : LHP Dwight Livingston
Pitching: LHP Dwight Livingston
Batting: SHB Javier Peña 0-0: Called Strike
0-1: Foul Ball, location: 2F
0-2: Ball
1-2: Strikes out swinging
Batting: SHB José González 0-0: Foul Ball, location: 2F
0-1: Ball
1-1: Called Strike
1-2: Strikes out swinging, 2-3 out at first.
Batting: RHB Norberto Taváres 0-0: Ball
1-0: Foul Ball, location: 2F
1-1: Called Strike
1-2: DOUBLE (Line Drive, 89D)
Batting: LHB José López 0-0: Ball
1-0: Called Strike
1-1: Ball
2-1: Ball
3-1: Called Strike
3-2: Base on Balls
Batting: LHB Ramón Pérez 0-0: Ball
1-0: Ground out 3-1 (Groundball, 34S)
Top of the 1st over - 0 run(s), 1 hit(s), 0 error(s), 2 left on base; Topeka 0 - Chattanooga 0
BOTTOM OF THE 1ST
Chattanooga Chinpokomon batting - Pitching for Topeka Tornados : LHP Brock Morris
Pitching: LHP Brock Morris
Batting: RHB Patrick Potts 0-0: Ball
1-0: Foul Ball, location: 2F
1-1: Called Strike
1-2: Ball
2-2: Ball
3-2: Base on Balls
Batting: LHB George Wood 0-0: Ball
1-0: Fly out, F9 (Flyball, 9LMF)
Batting: RHB Casey Fox 0-0: Ball
Patrick Potts is caught stealing 2nd base
1-0: Called Strike
1-1: Swinging Strike
1-2: Foul Ball, location: 2F
1-2: Foul Ball, location: 2F
1-2: Foul Ball, location: 2F
1-2: Foul Ball, location: 2F
1-2: Fly out, F6 (Line Drive, 6)
Bottom of the 1st over - 0 run(s), 0 hit(s), 0 error(s), 0 left on base; Topeka 0 - Chattanooga 0
TOP OF THE 2ND
Topeka Tornados batting - Pitching for Chattanooga Chinpokomon : LHP Dwight Livingston
Batting: RHB Bob Hall 0-0: Swinging Strike
0-1: Swinging Strike
0-2: Ball
1-2: Fly out, F9 (Flyball, 9S)
Batting: LHB Yoshiaki Ohayashi 0-0: Foul Ball, location: 2F
0-1: Ball
1-1: Foul Ball, location: 2F
1-2: Strikes out swinging
Batting: LHB Edward Rose 0-0: SINGLE (Line Drive, 56D)
Batting: LHB Ryan Drake 0-0: Ball
1-0: Called Strike
1-1: DOUBLE (Line Drive, 9LM)
Edward Rose to third
Batting: SHB Javier Peña 0-0: Called Strike
0-1: Ball
1-1: Swinging Strike
1-2: Strikes out swinging
Top of the 2nd over - 0 run(s), 2 hit(s), 0 error(s), 2 left on base; Topeka 0 - Chattanooga 0
BOTTOM OF THE 2ND
Chattanooga Chinpokomon batting - Pitching for Topeka Tornados : LHP Brock Morris
Batting: RHB Cristo García 0-0: Ball
1-0: Ball
2-0: Foul Ball, location: 2F
2-1: Foul Ball, location: 2F
2-2: Foul Ball, location: 2F
2-2: Strikes out swinging
Pitching: RHP Jon England
Batting: RHB Ramiro Chávez 0-0: Ball
1-0: Ball
2-0: Called Strike
2-1: Ball
3-1: SINGLE (Line Drive, 9S)
Batting: RHB Jim Beck 0-0: Swinging Strike
Passed Ball!
Ramiro Chávez to second
0-1: Ball
1-1: Foul Ball, location: 2F
1-2: Ball
2-2: Strikes out swinging
Pitching: RHP Gerald Hood
Batting: RHB Armando Cuevas 0-0: Called Strike
0-1: Called Strike
0-2: Ball
1-2: Foul Ball, location: 2F
1-2: Strikes out swinging
Bottom of the 2nd over - 0 run(s), 1 hit(s), 0 error(s), 1 left on base; Topeka 0 - Chattanooga 0
TOP OF THE 3RD
Topeka Tornados batting - Pitching for Chattanooga Chinpokomon : LHP Dwight Livingston
Batting: SHB José González 0-0: Called Strike
0-1: Foul Ball, location: 2F
0-2: Foul Ball, location: 2F
0-2: Ball
1-2: Foul Ball, location: 2F
1-2: Strikes out swinging
Batting: RHB Norberto Taváres 0-0: Swinging Strike
0-1: Ball
1-1: Ball
2-1: Ball
3-1: Base on Balls
Batting: LHB José López 0-0: Ball
1-0: Ball
2-0: Swinging Strike
2-1: Foul Ball, location: 2F
2-2: DOUBLE (Line Drive, 7LS)
Norberto Taváres to third
Runner from 3rd tries for Home, SAFE, no throw
Batting: LHB Ramón Pérez 0-0: Ball
1-0: Called Strike
1-1: Swinging Strike
1-2: Ball
2-2: Ball
3-2: Strikes out swinging
Batting: RHB Bob Hall 0-0: Fly out, F3 (Popup, 34)
Top of the 3rd over - 1 run(s), 1 hit(s), 0 error(s), 1 left on base; Topeka 1 - Chattanooga 0
BOTTOM OF THE 3RD
Chattanooga Chinpokomon batting - Pitching for Topeka Tornados : RHP Gerald Hood
Batting: LHB Martin Davis 0-0: DOUBLE (Line Drive, 8LD)
Batting: RHB Luis Antonio Velásquez 0-0: Ball
1-0: Called Strike
1-1: Swinging Strike
1-2: Ball
2-2: Foul Ball, location: 2F
2-2: Ball
3-2: SINGLE (Groundball, 34D)
Martin Davis to third
Runner from 3rd tries for Home, SAFE, throw made home
Luis Antonio Velásquez to second
Batting: RHB Patrick Potts 0-0: DOUBLE (Line Drive, 9LD)
Luis Antonio Velásquez scores
Batting: LHB George Wood 0-0: Ball
Patrick Potts steals 3rd base
1-0: Swinging Strike
1-1: Called Strike
1-2: Ball
2-2: Ball
3-2: Fly out, F5 (Popup, 5D)
Batting: RHB Casey Fox 0-0: Swinging Strike
0-1: Ground out 6-3 (Groundball, 6)
Patrick Potts scores
Pitching: LHP Jorge Ybarra
Batting: RHB Cristo García 0-0: Swinging Strike
0-1: Called Strike
0-2: Strikes out swinging
Bottom of the 3rd over - 3 run(s), 3 hit(s), 0 error(s), 0 left on base; Topeka 1 - Chattanooga 3
TOP OF THE 4TH
Topeka Tornados batting - Pitching for Chattanooga Chinpokomon : LHP Dwight Livingston
Batting: LHB Yoshiaki Ohayashi 0-0: Called Strike
0-1: Ball
1-1: Ball
2-1: Fly out, F9 (Line Drive, 9)
Batting: LHB Edward Rose 0-0: Called Strike
0-1: Swinging Strike
0-2: Foul Ball, location: 2F
0-2: Ground out 3-1 (Groundball, 34)
Batting: LHB Ryan Drake 0-0: Fly out, F8 (Line Drive, 89D)
Top of the 4th over - 0 run(s), 0 hit(s), 0 error(s), 0 left on base; Topeka 1 - Chattanooga 3
BOTTOM OF THE 4TH
Chattanooga Chinpokomon batting - Pitching for Topeka Tornados : LHP Jorge Ybarra
Batting: RHB Ramiro Chávez 0-0: Foul Ball, location: 2F
0-1: Ball
1-1: Ball
2-1: Called Strike
2-2: Foul Ball, location: 2F
2-2: SOLO HOME RUN (Flyball, 7D), Distance : 372 ft
Batting: RHB Jim Beck 0-0: Foul Ball, location: 2F
0-1: Called Strike
0-2: Ball
1-2: Ball
2-2: Ball
3-2: Base on Balls
Batting: RHB Armando Cuevas 0-0: DOUBLE (Line Drive, 78XD)
Jim Beck to third
Batting: LHB Martin Davis 0-0: Ball
1-0: Ball
2-0: 3-RUN HOME RUN (Flyball, 9D), Distance : 380 ft
Pitching: RHP Craig Adams
Batting: RHB Luis Antonio Velásquez 0-0: Foul Ball, location: 2F
0-1: Swinging Strike
0-2: Foul Ball, location: 2F
0-2: Ball
1-2: DOUBLE (Line Drive, 8LD)
Batting: RHB Patrick Potts 0-0: Ball
1-0: Called Strike
1-1: Ball
2-1: Foul Ball, location: 2F
2-2: Foul Ball, location: 2F
2-2: Ground out 6-3 (Groundball, 56)
Batting: LHB George Wood 0-0: Foul Ball, location: 2F
0-1: Swinging Strike
0-2: Ball
1-2: Ball
2-2: Foul Ball, location: 2F
2-2: Ball
3-2: Foul Ball, location: 2F
3-2: DOUBLE (Line Drive, 9D)
Luis Antonio Velásquez scores
Pitching: RHP Reginaldo Coscia
Batting: RHB Casey Fox 0-0: Called Strike
0-1: Ball
1-1: Swinging Strike
1-2: SINGLE (Line Drive, 7LS)
George Wood to third
Batting: RHB Cristo García 0-0: Ball
1-0: Ball
2-0: SINGLE (Groundball, 6MD)
George Wood scores
Casey Fox to second
Batting: RHB Ramiro Chávez 0-0: Called Strike
Casey Fox steals 3rd base
Cristo García to second
0-1: Swinging Strike
0-2: Ball
1-2: Ball
2-2: Ball
3-2: Foul Ball, location: 2F
3-2: Foul Ball, location: 2F
3-2: Foul Ball, location: 2F
3-2: Foul Ball, location: 2F
3-2: Base on Balls
Batting: RHB Jim Beck 0-0: Ball
1-0: Ball
2-0: Ball
3-0: Base on Balls
Casey Fox scores
Cristo García to third
Ramiro Chávez to second
Batting: RHB Armando Cuevas 0-0: Called Strike
0-1: Swinging Strike
0-2: Ball
1-2: Ball
2-2: Ball
3-2: Base on Balls
Cristo García scores
Ramiro Chávez to third
Jim Beck to second
Batting: LHB Martin Davis 0-0: Ball
1-0: Ball
2-0: Ball
3-0: Called Strike
3-1: Foul Ball, location: 2F
3-2: Base on Balls
Ramiro Chávez scores
Jim Beck to third
Armando Cuevas to second
Batting: RHB Luis Antonio Velásquez 0-0: Foul Ball, location: 2F
0-1: Ball
1-1: Ball
2-1: Foul Ball, location: 2F
2-2: Foul Ball, location: 2F
2-2: SINGLE (Line Drive, 56)
Jim Beck scores
Armando Cuevas to third
Martin Davis to second
Runner from 3rd tries for Home, SAFE, throw made home
Pitching: LHP Jeremy Meyer
Batting: RHB Patrick Potts 0-0: Ball
1-0: 3-RUN HOME RUN (Flyball, 7D), Distance : 386 ft
Batting: LHB George Wood 0-0: Called Strike
0-1: Swinging Strike
0-2: Ball
1-2: Ball
2-2: Ball
3-2: SINGLE (Groundball, 34D)
Batting: RHB Casey Fox 0-0: Called Strike
0-1: Called Strike
0-2: Grounds into double play, 5-4-3 (Groundball, 5L)
Bottom of the 4th over - 14 run(s), 10 hit(s), 0 error(s), 0 left on base; Topeka 1 - Chattanooga 17
TOP OF THE 5TH
Topeka Tornados batting - Pitching for Chattanooga Chinpokomon : LHP Dwight Livingston
Batting: SHB Javier Peña 0-0: Called Strike
0-1: Ball
1-1: Foul Ball, location: 2F
1-2: Ball
2-2: Strikes out looking
Batting: SHB José González 0-0: Foul Ball, location: 2F
0-1: Foul Ball, location: 2F
0-2: Strikes out swinging
Batting: RHB Norberto Taváres 0-0: Ball
1-0: SINGLE (Line Drive, 9S)
Batting: LHB José López 0-0: Ball
1-0: Called Strike
1-1: Foul Ball, location: 2F
1-2: Ball
2-2: TRIPLE (Line Drive, 8RM)
Norberto Taváres scores
Batting: LHB Ramón Pérez 0-0: Ball
1-0: Ball
2-0: Called Strike
2-1: Foul Ball, location: 2F
2-2: Ball
3-2: Fly out, F6 (Popup, 6MD)
Top of the 5th over - 1 run(s), 2 hit(s), 0 error(s), 1 left on base; Topeka 2 - Chattanooga 17
BOTTOM OF THE 5TH
Chattanooga Chinpokomon batting - Pitching for Topeka Tornados : LHP Jeremy Meyer
Batting: RHB Cristo García 0-0: Swinging Strike
0-1: Foul Ball, location: 2F
0-2: Ball
1-2: Strikes out swinging
Batting: RHB Ramiro Chávez 0-0: Ground out 6-3 (Groundball, 6)
Batting: RHB Jim Beck 0-0: Ball
1-0: Ground out 5-3 (Groundball, 5)
Bottom of the 5th over - 0 run(s), 0 hit(s), 0 error(s), 0 left on base; Topeka 2 - Chattanooga 17
TOP OF THE 6TH
Topeka Tornados batting - Pitching for Chattanooga Chinpokomon : LHP Dwight Livingston
Batting: RHB Bob Hall 0-0: Ball
1-0: Swinging Strike
1-1: Foul Ball, location: 2F
1-2: Strikes out looking
Batting: LHB Yoshiaki Ohayashi 0-0: Ball
1-0: Foul Ball, location: 2F
1-1: Ball
2-1: Ball
3-1: Base on Balls
Batting: LHB Edward Rose Pickoff Throw to First - Out!
0-0: Called Strike
0-1: Ball
1-1: Swinging Strike
1-2: Foul Ball, location: 2F
1-2: Ball
2-2: SINGLE (Groundball, 34D)
Pitching: LHP Jeff Hardin
Batting: LHB Ryan Drake 0-0: Ball
1-0: Foul Ball, location: 2F
1-1: Ground out U3 (Groundball, 34)
Top of the 6th over - 0 run(s), 1 hit(s), 0 error(s), 1 left on base; Topeka 2 - Chattanooga 17
BOTTOM OF THE 6TH
Chattanooga Chinpokomon batting - Pitching for Topeka Tornados : LHP Jeremy Meyer
Pitching: RHP James Stevens
Batting: RHB Armando Cuevas 0-0: Called Strike
0-1: Called Strike
0-2: Foul Ball, location: 2F
0-2: Ground out 6-3 (Groundball, 6D)
Batting: LHB Martin Davis 0-0: Ball
1-0: Called Strike
1-1: Ball
2-1: Ball
3-1: Foul Ball, location: 2F
3-2: Base on Balls
Batting: RHB Luis Antonio Velásquez 0-0: Called Strike
0-1: Ball
1-1: Called Strike
Martin Davis steals 2nd base
1-2: SINGLE (Groundball, 6) (infield hit)
Martin Davis to third
Batting: RHB Patrick Potts 0-0: Ball
1-0: Ball
2-0: Ball
3-0: Called Strike
3-1: Called Strike
Pickoff Throw to First - Out!
3-2: Base on Balls
Batting: LHB George Wood 0-0: Swinging Strike
0-1: Ball
1-1: Ball
2-1: Foul Ball, location: 2F
2-2: Ball
3-2: Ground out 4-3 (Groundball, 4)
Bottom of the 6th over - 0 run(s), 1 hit(s), 0 error(s), 2 left on base; Topeka 2 - Chattanooga 17
TOP OF THE 7TH
Topeka Tornados batting - Pitching for Chattanooga Chinpokomon : LHP Jeff Hardin
Batting: SHB Javier Peña 0-0: Fly out, F7 (Flyball, 7D)
Batting: SHB José González 0-0: Called Strike
0-1: Ball
1-1: Swinging Strike
1-2: Strikes out swinging
Batting: RHB Norberto Taváres 0-0: Ball
1-0: Called Strike
1-1: Ball
2-1: Called Strike
2-2: Foul Ball, location: 2F
2-2: Foul Ball, location: 2F
2-2: Foul Ball, location: 2F
2-2: SINGLE (Line Drive, 4MD)
Batting: LHB José López 0-0: Ball
1-0: Ball
2-0: Called Strike
2-1: Ground out U3 (Groundball, 3L)
Top of the 7th over - 0 run(s), 1 hit(s), 0 error(s), 1 left on base; Topeka 2 - Chattanooga 17
BOTTOM OF THE 7TH
Chattanooga Chinpokomon batting - Pitching for Topeka Tornados : RHP James Stevens
Batting: RHB Casey Fox 0-0: Foul Ball, location: 2F
0-1: Ball
1-1: Ball
2-1: Ball
3-1: Base on Balls
Batting: RHB Cristo García 0-0: Swinging Strike
0-1: Ball
1-1: Called Strike
Throwing error on steal attempt, E2
Casey Fox to third
1-2: Ball
Balk!
Casey Fox scores
2-2: Foul Ball, location: 2F
2-2: SOLO HOME RUN (Flyball, 7D), Distance : 381 ft
Batting: RHB Ramiro Chávez 0-0: Ball
1-0: Ball
2-0: Called Strike
2-1: Foul Ball, location: 2F
2-2: Ball
3-2: Foul Ball, location: 2F
3-2: Base on Balls
Batting: RHB Jim Beck 0-0: SINGLE (Groundball, 6D)
Ramiro Chávez to second
Batting: RHB Armando Cuevas 0-0: Called Strike
0-1: Ball
1-1: DOUBLE (Line Drive, 8RD)
Ramiro Chávez scores
Jim Beck to third
Batting: LHB Martin Davis 0-0: Ball
1-0: Ball
Balk!
Jim Beck scores
Armando Cuevas to third
2-0: Foul Ball, location: 2F
2-1: Fly out, F7 (Flyball, 7LS)
Pitching: LHP Alfredo Sánchez
Batting: RHB Luis Antonio Velásquez 0-0: Ball
1-0: Ball
2-0: Foul Ball, location: 2F
2-1: Foul Ball, location: 2F
2-2: Strikes out swinging
Batting: RHB Patrick Potts 0-0: Ball
1-0: Called Strike
1-1: Ball
2-1: Ball
3-1: Base on Balls
Batting: LHB George Wood 0-0: Called Strike
0-1: Ball
1-1: Ball
2-1: Ball
3-1: Base on Balls
Patrick Potts to second
Batting: RHB Casey Fox 0-0: Ball
1-0: DOUBLE (Line Drive, 7D)
Armando Cuevas scores
Patrick Potts scores
George Wood to third
Runner from 3rd tries for Home, throw and OUT!
Bottom of the 7th over - 6 run(s), 4 hit(s), 1 error(s), 1 left on base; Topeka 2 - Chattanooga 23
TOP OF THE 8TH
Topeka Tornados batting - Pitching for Chattanooga Chinpokomon : LHP Jeff Hardin
Now at 1B: Juan Pérez
Pinch Hitting: RHB Ed Watkins 0-0: Fly out, F6 (Popup, 56)
Batting: RHB Bob Hall 0-0: Called Strike
0-1: Ball
1-1: Foul Ball, location: 2F
1-2: Foul Ball, location: 2F
1-2: Ground out 3-1 (Groundball, 34S)
Batting: LHB Yoshiaki Ohayashi 0-0: Ground out 6-3 (Groundball, 6)
Top of the 8th over - 0 run(s), 0 hit(s), 0 error(s), 0 left on base; Topeka 2 - Chattanooga 23
BOTTOM OF THE 8TH
Chattanooga Chinpokomon batting - Pitching for Topeka Tornados : LHP Alfredo Sánchez
Now at 2B: Santiago Morales
Batting: RHB Cristo García 0-0: Ball
1-0: Ball
2-0: Called Strike
2-1: Ball
3-1: Base on Balls
Batting: RHB Ramiro Chávez 0-0: Ball
Cristo García steals 2nd base
1-0: Ball
2-0: Ball
3-0: Base on Balls
Batting: RHB Jim Beck 0-0: Ball
1-0: Ball
2-0: Foul Ball, location: 2F
2-1: Ball
3-1: Base on Balls
Cristo García to third
Ramiro Chávez to second
Batting: RHB Armando Cuevas 0-0: Called Strike
0-1: Ball
1-1: Foul Ball, location: 2F
1-2: Ball
2-2: Fly out, F9 (Flyball, 9D)
Runner from 3rd tags up, SCORES, no throw
Batting: LHB Martin Davis 0-0: Called Strike
0-1: Ball
1-1: Ball
2-1: Ball
3-1: Foul Ball, location: 2F
Balk!
Ramiro Chávez to third
Jim Beck to second
3-2: Foul Ball, location: 2F
3-2: Foul Ball, location: 2F
3-2: 3-RUN HOME RUN (Flyball, 9D), Distance : 363 ft
Pitching: LHP Cho-yun Qiao
Batting: RHB Luis Antonio Velásquez 0-0: Ball
1-0: Swinging Strike
1-1: Ball
2-1: Ball
3-1: Base on Balls
Batting: RHB Patrick Potts 0-0: Ball
1-0: Called Strike
1-1: Called Strike
1-2: Foul Ball, location: 2F
1-2: Strikes out swinging
Batting: RHB Juan Pérez 0-0: Ball
1-0: Ball
2-0: Ball
Luis Antonio Velásquez steals 2nd base
3-0: Base on Balls
Batting: RHB Casey Fox 0-0: Ball
1-0: Fly out, F9 (Flyball, 9S)
Bottom of the 8th over - 4 run(s), 1 hit(s), 0 error(s), 2 left on base; Topeka 2 - Chattanooga 27
TOP OF THE 9TH
Topeka Tornados batting - Pitching for Chattanooga Chinpokomon : LHP Jeff Hardin
Now at SS: Fernando Pérez
Batting: LHB Edward Rose 0-0: Swinging Strike
0-1: Fly out, F8 (Flyball, 8LM)
Batting: LHB Ryan Drake 0-0: Ground out 3-1 (Groundball, 34)
Batting: SHB Javier Peña 0-0: Called Strike
0-1: Ball
1-1: Called Strike
1-2: Ball
2-2: Foul Ball, location: 2F
2-2: Strikes out swinging
Top of the 9th over - 0 run(s), 0 hit(s), 0 error(s), 0 left on base; Topeka 2 - Chattanooga 27
Tuesday, August 8th, 2017 - OOTP Baseball 17.12 Build 75